 Dungeon Crawl Stone Soup version 0.28.0-53-g5a82cb258f (webtiles) character file.

Game seed: 9166029064926646432

3825 Duralumin the Thaumaturge (level 9, -16/34 HPs)
             Began as a Felid Hedge Wizard on June 17, 2022.
             Was a Priest of Sif Muna.
             Shot with an arrow by a centaur warrior (28 damage)
             ... on level 9 of the Dungeon on June 19, 2022.
             The game lasted 02:55:29 (16899 turns).

Duralumin the Thaumaturge (Felid Hedge Wizard)     Turns: 16899, Time: 02:55:31

Health: -16/34     AC:  2    Str:  6    XL:     9   Next: 97%
Magic:  21/23      EV: 20    Int: 21    God:    Sif Muna [***...]
Gold:   279        SH:  0    Dex: 15    Spells: 0/27 levels left
                                        Lives:  0   Deaths: 3

rFire   . . .      SeeInvis +   (weapon unavailable)
rCold   . . .      Faith    .   (shield unavailable)
rNeg    . . .      Spirit   .   (armour unavailable)
rPois   +          Reflect  .   (helmet unavailable)
rElec   .          Harm     .   (cloak unavailable)
rCorr   .          Rampage  .   (gloves unavailable)
Will    +....                   (boots unavailable)
Stlth   +++.......              q - amulet of regeneration
HPRegen 0.91/turn               n - ring of flight
MPRegen 0.18/turn               w - ring of poison resistance

@: flying, quick
A: very small, claws 1, fangs 3, see invisible, speed 1, shaggy fur 2, stealthy
paws, no weapons or thrown items, no armour, multi-lived
a: Renounce Religion, Channel Magic, Forget Spell


You were on level 9 of the Dungeon.
You worshipped Sif Muna.
Sif Muna was most pleased with you.
You visited 2 branches of the dungeon, and saw 11 of its levels.
You also visited: Bailey.

You collected 279 gold pieces.

Inventory:

Jewellery
 n - a ring of flight (left paw)
 q - an amulet of regeneration (around neck)
 w - a ring of poison resistance (right paw)
Wands
 b - a wand of flame (15)
 i - a wand of paralysis (3)
 j - a wand of iceblast (5)
 k - a wand of polymorph (10)
Scrolls
 f - 4 scrolls of teleportation
 g - a scroll of amnesia
 o - a scroll of summoning {unknown}
 s - 2 scrolls of magic mapping
 t - a scroll of immolation {unknown}
 u - a scroll of silence {unknown}
 v - a scroll of enchant weapon {unknown}
 x - a scroll of vulnerability {unknown}
Potions
 a - 5 potions of curing
 d - a potion of lignification
 e - 2 potions of heal wounds
 h - 4 potions of might
 l - 4 potions of haste
 m - 2 potions of brilliance
 p - a potion of berserk rage
 r - a potion of invisibility {unknown}
 z - a potion of flight {unknown}


   Skills:
 - Level 6.2 Dodging
 - Level 5.0 Stealth
 + Level 9.7 Spellcasting
 + Level 5.5 Conjurations
 - Level 6.1 Summonings
 - Level 6.0 Translocations
 + Level 2.1 Transmutations
 - Level 4.0 Air Magic
 - Level 4.0 Poison Magic
 - Level 6.0 Invocations


You couldn't memorise any spells.
You knew the following spells:

 Your Spells              Type           Power      Damage    Failure   Level
a - Magic Dart            Conj           100%       1d8       1%          1
b - Call Imp              Summ           36%        N/A       1%          2
c - Blink                 Tloc           70%        N/A       1%          2
d - Slow                  Hex            40%        N/A       7%          1
e - Mephitic Cloud        Conj/Pois/Air  29%        N/A       3%          3
f - Conjure Flame         Conj/Fire      21%        6-21      6%          3
g - Gell's Gravitas       Tloc           35%        N/A       1%          3
h - Teleport Other        Tloc           35%        N/A       1%          3
i - Lesser Beckoning      Tloc           35%        N/A       1%          3
j - Irradiate             Conj/Tmut      13%        3d18      36%         5
k - Scorch                Fire           20%        2d6       10%         2

Your spell library contained the following spells:

 Spells                   Type           Power      Damage    Failure   Level
 Freezing Cloud           Conj/Ice/Air   11%        6-21      45%         5
 Blade Hands              Tmut           9%         N/A       61%         5
 Dragon Form              Tmut           9%         N/A       100%        7
 Ozocubu's Refrigeration  Ice            5%         4d6       100%        7


Dungeon Overview and Level Annotations

Branches:
Dungeon (10/15)            Temple (1/1) D:4          Bailey (visited)
   Lair: D:8-11         Orc: D:9-12

Altars:
Ashenzari
Cheibriados
Dithmenos
Elyvilon
Gozag
Kikubaaqudgha
Makhleb
Nemelex Xobeh
Qazlal
Sif Muna
Trog
Uskayaw
Xom
Zin
The Shining One

Shops:
D:9 =

Annotations:
D:9 3 runed translucent doors, exclusion: centaur warrior, Peloso's ghost, journeyman MiFi


Innate Abilities, Weirdness & Mutations

You have sharp claws.
You have razor-sharp teeth.
You have supernaturally acute eyesight. (SInv)
You cover ground quickly. (Speed+)
You are covered in thick fur. (AC +2)
Your paws help you pounce on unaware monsters.
You are incapable of wielding weapons or throwing items.
You cannot wear armour.
You gain extra lives every three experience levels.


Message History

You hear a shout!
Casting: Scorch (safe; 10% risk of failure)
Confirm with . or Enter, or press ? or * to list all spells.
Okay, then.
Unknown command.
Unknown command.
Unknown command.
Unknown command.
Casting: Scorch (safe; 10% risk of failure)
Confirm with . or Enter, or press ? or * to list all spells.
You can't see any susceptible monsters within range! (Use Z to cast anyway.)
Casting: Scorch (safe; 10% risk of failure)
Confirm with . or Enter, or press ? or * to list all spells.
You blink.
Casting: Blink (safe; 1% risk of failure)
Confirm with . or Enter, or press ? or * to list all spells.
You can't see any susceptible monsters within range! (Use Z to cast anyway.)
Casting: Blink (safe; 1% risk of failure)
Confirm with . or Enter, or press ? or * to list all spells.
Okay, then.
Unknown command.
Unknown command.
Okay, then.
Unknown command.
Unknown command.
As you read the scroll of fear, it crumbles to dust.
You assume a fearsome visage.
The centaur warrior resists with some effort.
Casting: Blink (safe; 1% risk of failure)
Confirm with . or Enter, or press ? or * to list all spells.
Okay, then.
Unknown command.
Unknown command.
As you read the scroll of fear, it crumbles to dust.
You assume a fearsome visage.
The centaur warrior resists with some effort.
You feel stable enough to blink again.
The centaur warrior shoots an arrow.
The arrow hits you!!
Ouch! That really hurt!
You die...

#............,,###<,>***,,,
#............###.#,,,*,***,
#..........###...#,,,*,,,**
#........###.....#,,,#,,,,,
#......###.......#...#,,,,,
#[...###<........'...+,,,,,
#......###....)..#...#,,,,,
#........###.....#...#,,,,,
######....@###...#,..#,,,##
####......###.#,y.#,*##.
#...........###<,>###...
#.............#*###.....
#.........#....c#.......
##.#.####c#.#........#..
******#..#.#
#...#...*....###
*,,,,..#.#.#
###......#*...#.
*,,,...#.#.#
****.....#####.#.


You could see a centaur warrior.

Vanquished Creatures
  A vault guard (Bailey)
  Erica (D:9)
  An unseen horror (D:7)
  Prince Ribbit (Bailey)
  3 slime creatures (D:8)
  2 wraiths
  Eustachio (D:5)
  9 humans (Bailey)
  2 wyverns
  5 yaks
  A basilisk (D:9)
  Duvessa (D:5)
  A hornet zombie (D:6)
  An ice beast (D:8)
  An orc warrior (D:9)
  A sky beast (D:5)
  2 necrophages (D:6)
  An ogre (D:6)
  A centaur (D:7)
  A phantom (D:5)
  A kobold brigand (D:6)
  A scorpion (D:5)
  14 bullfrogs
  A gnoll sergeant (D:6)
  A killer bee (D:9)
  5 wights
  A howler monkey (D:9)
  A bullfrog zombie (D:6)
  A centaur zombie (D:8)
  A jelly (D:7)
  3 orc priests
  A bullfrog skeleton (D:5)
  An iguana (D:6)
  Ijyb (D:3)
  Natasha (thrice) (D:4)
  7 orc wizards
  A howler monkey zombie (D:8)
  A howler monkey skeleton (D:6)
  2 gnolls
  2 adders
  A shadow imp (D:7)
  2 white imps
  2 adder skeletons (D:4)
  2 dart slugs
  18 orcs
  2 ball pythons
  4 endoplasms
  A giant cockroach (D:1)
  5 goblins
  3 hobgoblins
  20 kobolds
  2 quokkas
  5 bats
  5 rats
158 creatures vanquished.

Vanquished Creatures (collateral kills)
  A wyvern (D:9)
  2 ogres (D:4)
  2 bullfrogs (Bailey)
  A water moccasin zombie (D:5)
  Dowan (D:5)
  2 wights (D:6)
  A hound (D:4)
  3 jellies
  An orc priest (D:6)
  An iguana (D:5)
  12 gnolls
  A howler monkey skeleton (D:4)
  6 adders
  A shadow imp (D:7)
  An ufetubus (D:6)
  3 worms
  2 orcs
  5 endoplasms
  2 giant cockroaches
  6 goblins
  5 hobgoblins
  6 jackals
  5 kobolds
  A quokka (D:2)
  4 ball pythons
  A bat (D:1)
  3 rats
79 creatures vanquished.

Vanquished Creatures (others)
  An acid dragon (D:8)
  A wyvern zombie (D:8)
  A kobold (D:6)
  59 plants (D:6)
62 creatures vanquished.

Grand Total: 299 creatures vanquished

Notes
Turn   | Place    | Note
-------+----------+-------------------------------------------
     0 | D:1      | Duralumin the Felid Hedge Wizard began the quest for the
                  | Orb.
     0 | D:1      | Reached XP level 1. HP: 7/7 MP: 5/5
    81 | D:1      | Reached skill level 1 in Conjurations
   462 | D:1      | Reached XP level 2. HP: 11/11 MP: 1/7
   568 | D:1      | Learned a level 2 spell: Call Imp
   571 | D:1      | Learned a level 2 spell: Blink
   573 | D:1      | Learned a level 1 spell: Slow
  1189 | D:1      | Reached XP level 3. HP: 14/14 MP: 5/8
  2570 | D:2      | Reached XP level 4. HP: 18/18 MP: 4/10
  2726 | D:2      | Learned a level 3 spell: Mephitic Cloud
  2935 | D:2      | Reached skill level 4 in Spellcasting
  3297 | D:3      | Noticed Ijyb
  3497 | D:3      | Killed from afar by Ijyb
  3498 | D:3      | Reached XP level 3. HP: 0/14 MP: 4/9
  3616 | D:3      | Reached XP level 4. HP: 18/18 MP: 2/11
  3784 | D:3      | Found a faded altar of an unknown god.
  3911 | D:3      | Killed Ijyb
  4120 | D:4      | Noticed a phantom
  4453 | D:4      | Noticed Natasha
  4459 | D:4      | Noticed an ogre
  4462 | D:4      | Reached XP level 5. HP: 21/21 MP: 8/12
  4784 | D:4      | Killed Natasha
  4794 | D:4      | Killed an ogre
  4795 | D:4      | Reached skill level 5 in Spellcasting
  4795 | D:4      | Gained mutation: You are covered in thick fur. (AC +2)
                  | [Felid growth]
  4795 | D:4      | Reached XP level 6. HP: 4/24 MP: 10/14
  5429 | D:4      | Found a staircase to the Ecumenical Temple.
  5433 | Temple   | Entered the Ecumenical Temple
  5596 | Temple   | Became a worshipper of Sif Muna the Loreminder
  6119 | D:4      | Noticed Natasha
  6124 | D:4      | Killed Natasha
  6176 | D:4      | Noticed Natasha
  6193 | D:4      | Killed Natasha
  6602 | D:4      | Reached skill level 1 in Poison Magic
  6667 | D:5      | Entered Level 5 of the Dungeon
  6704 | D:5      | Reached skill level 1 in Air Magic
  6899 | D:5      | Noticed Eustachio
  7198 | D:5      | Noticed Duvessa
  7198 | D:5      | Noticed Dowan
  7208 | D:5      | Killed Dowan
  7209 | D:5      | Reached XP level 7. HP: 27/27 MP: 10/15
  7958 | D:5      | Killed Duvessa
  8613 | D:5      | Killed Eustachio
  8614 | D:5      | Reached XP level 8. HP: 28/31 MP: 8/16
  9711 | D:5      | Learned a level 3 spell: Conjure Flame
  9958 | D:6      | Reached skill level 5 in Conjurations
 10564 | D:6      | Reached * piety under Sif Muna
 11556 | D:6      | Reached XP level 9. HP: 14/34 MP: 4/18
 11870 | D:6      | Learned a level 3 spell: Gell's Gravitas
 12143 | D:7      | Reached skill level 5 in Stealth
 12146 | D:7      | Reached skill level 5 in Dodging
 12276 | D:7      | Reached skill level 6 in Spellcasting
 12276 | D:7      | Reached skill level 5 in Translocations
 12389 | D:7      | Noticed an unseen horror
 12391 | D:7      | Found a flagged portal.
 12411 | D:7      | Killed an unseen horror
 12517 | Bailey   | Entered a bailey
 12539 | Bailey   | Reached skill level 1 in Invocations
 12553 | Bailey   | Reached skill level 7 in Spellcasting
 12687 | Bailey   | Reached ** piety under Sif Muna
 12713 | Bailey   | Reached XP level 10. HP: 36/37 MP: 2/22
 12865 | Bailey   | Noticed Prince Ribbit
 12872 | Bailey   | Noticed a vault guard
 12887 | Bailey   | Mangled by a vault guard
 12888 | Bailey   | Reached XP level 9. HP: -12/34 MP: 7/21
 12912 | Bailey   | Killed a vault guard
 12913 | Bailey   | Reached skill level 8 in Spellcasting
 12913 | Bailey   | Reached skill level 5 in Invocations
 13045 | Bailey   | Noticed a vault guard
 13055 | Bailey   | Killed Prince Ribbit
 13086 | Bailey   | Learned a level 3 spell: Teleport Other
 13913 | D:7      | Learned a level 3 spell: Lesser Beckoning
 14356 | D:7      | Reached XP level 10. HP: 37/37 MP: 14/23
 14445 | D:8      | Found a broken altar of Ashenzari.
 14648 | D:8      | Reached skill level 9 in Spellcasting
 14648 | D:8      | Reached skill level 5 in Summonings
 14933 | D:8      | Reached *** piety under Sif Muna
 15658 | D:9      | Found Jighapli's Jewellery Shop.
 15722 | D:9      | Learned a level 5 spell: Irradiate
 15875 | D:9      | Got Plog's Guide on Ice and Ignition
 15879 | D:9      | Learned a level 2 spell: Scorch
 15929 | D:9      | Noticed a centaur warrior
 16023 | D:9      | Noticed a centaur warrior
 16201 | D:9      | Shot with an arrow by a centaur warrior
 16202 | D:9      | Reached XP level 9. HP: -1/34 MP: 21/23
 16282 | D:9      | Noticed Erica
 16288 | D:9      | Killed Erica
 16289 | D:9      | Reached skill level 1 in Transmutations
 16402 | D:9      | Noticed a skeletal warrior
 16445 | D:9      | Found a runed translucent gate.
 16446 | D:9      | Found a runed translucent gate.
 16447 | D:9      | Found a runed translucent gate.
 16449 | D:9      | Noticed Peloso's ghost (journeyman MiFi)
 16453 | D:9      | Identified the +0 plate armour "Kempow" {rF+ rC+}
 16547 | D:10     | Entered Level 10 of the Dungeon
 16712 | D:9      | Noticed a seven-headed hydra
 16899 | D:9      | Shot with an arrow by a centaur warrior

Illustrated notes

Levels and vault maps discovered:
D:1:      dpeg_arrival_three_same_balls, layout_basic
D:2:      layout_basic
D:3:      kennysheep_the_goblin_king, layout_loops_ring,
          hellmonk_ecumenical_altar_inner_sanctum
D:4:      layout_basic, minmay_temple_entry_trees, uniq_natasha
D:5:      layout_gridville, uniq_eustachio, uniq_duvessa
D:6:      kennysheep_kobold_camp, layout_rooms
D:7:      layout_basic, enter_bailey_2
D:8:      layout_basic, evilmike_ruin_ashenzari, lightli_corner_chamber
D:9:      minmay_diamond_stairs, layout_rooms, serial_co_window_serial,
          co_window_corner_a, co_window_paths_a, co_window_paths_a,
          co_window_paths_b, co_window_paths_a, co_window_unsneaky_path_d,
          co_window_2corner, co_window_corner_ca, glass_columns_b,
          glass_columns_b, glass_columns_b, glass_columns_c, glass_columns_c,
          biasface_ghost_orc_armoury, serial_shops, nicolae_shop_hallway_plus,
          kennysheep_potato, uniq_erica
D:10:     layout_gridville, david_orc_5
Temple:   roderic_octagonal_lattice_temple

Skill      XL: |  1  2  3  4  5  6  7  8  9 10 |
---------------+-------------------------------+-----
Conjurations   | 1 2 4 5 |  5.5
Summonings     | 2 3 4 6 |  6.1
Spellcasting   | 4 5 8 9 |  9.7
Poison Magic   | 1 3 4 |  4.0
Air Magic      | 1 3 4 |  4.0
Stealth        | 4 5 |  5.0
Translocations | 4 6 |  6.0
Dodging        | 4 6 |  6.2
Invocations    | 6 4 |  6.0
Transmutations | 2 |  2.1

Action                   |  1- 3 |  4- 6 |  7- 9 | 10-12 || total
-------------------------+-------+-------+-------+-------++-------
Melee: Unarmed           |    18 |    72 |   165 |    92 ||   347
       Bite              |     4 |    10 |    24 |    23 ||    61
       Punch             |       |     1 |     6 |     1 ||     8
 Cast: Magic Dart        |    62 |    19 |   160 |     6 ||   247
       Call Imp          |    32 |    88 |    80 |     8 ||   208
       Mephitic Cloud    |       |     3 |    56 |    21 ||    80
       Slow              |       |     1 |       |       ||     1
       Conjure Flame     |       |       |    29 |    14 ||    43
       Blink             |       |       |    10 |       ||    10
       Scorch            |       |       |    11 |       ||    11
       Lesser Beckoning  |       |       |     8 |     7 ||    15
       Gell's Gravitas   |       |       |     4 |     4 ||     8
       Teleport Other    |       |       |     2 |       ||     2
Evoke: Wand              |       |     3 |    13 |       ||    16
  Use: Scroll            |       |     6 |    11 |     2 ||    19
       Potion            |       |       |     2 |       ||     2
 Stab: Paralysed         |       |     6 |     1 |       ||     7
       Distracted        |       |     3 |     2 |     1 ||     6
       Sleeping          |       |     4 |     3 |       ||     7
       Confused          |       |     2 |    17 |     5 ||    24
Armor: Skin              |     2 |     5 |    16 |     6 ||    29
Dodge: Dodged            |    40 |    65 |   167 |    65 ||   337
